cohdb
Replays
Latest Replays
All Replays
Popular Replays
Top Player Replays
Match Explorer
How It Works
Community
CoH3 Stats
Reddit
Sign in to upload your games and track your stats! →
Sign in with Steam
Match 41434508
Unlisted
Match 41434508
Overview
Messages
Build Orders
End
Kettenkrad Recon Vehicle
Construct Infanterie Kompanie
MG 42 Machine Gun Team
Grenadier Squad
Grenadier Squad
MG 42 Machine Gun Team
Construct Luftwaffe Kompanie
Jäger Squad
Jäger Squad
Support Elements
Luftwaffe Officer Quarters
Jäger Squad
Wirbelwind Flakpanzer
Medical Station
Nubbl0r
ragsword
0
0
Comments
sign in to comment!
No comments posted yet!